 Dungeon Crawl Stone Soup version 0.23.2 (webtiles) character file.

Game seed: 12883329414090218289

38499 HuneSparrow the Peltast (level 13, 0/116 HPs)
             Began as a Minotaur Fighter on Apr 2, 2019.
             Was the Champion of Makhleb.
             Slain by an alligator (1 damage)
             ... on level 5 of the Lair of Beasts.
             The game lasted 02:07:06 (16858 turns).

HuneSparrow the Peltast (Minotaur Fighter)         Turns: 16858, Time: 02:07:06

Health: 0/116      AC: 21    Str: 23    XL:     13   Next: 64%
Magic:  13/13      EV: 10    Int:  5    God:    Makhleb [******]
Gold:   790        SH: 14    Dex: 10    Spells: 12/12 levels left

rFire    + . .     SeeInvis .   Z - +4 scimitar (flame)
rCold    + . .     Gourm    .   c - +0 shield
rNeg     . . .     Faith    .   M - +5 chain mail {MR+}
rPois    .         Spirit   .   (helmet restricted)
rElec    .         Reflect  .   D - scarf {rC+ rF+}
rCorr    .         Harm     .   U - +0 pair of gloves
MR       ++...                  t - +1 pair of boots
Stlth    ..........             N - amulet of rage
HPRegen  0.29/turn              Q - ring of protection from magic
MPRegen  0.13/turn              X - -3 ring of strength (curse)

@: very slow
A: retaliatory headbutt, horns 2
a: Minor Destruction, Lesser Servant of Makhleb, Major Destruction, Greater
Servant of Makhleb, Renounce Religion, Evoke Berserk Rage


You were on level 5 of the Lair of Beasts.
You worshipped Makhleb.
Makhleb was exalted by your worship.
You were not hungry.

You visited 2 branches of the dungeon, and saw 17 of its levels.
You also visited: Sewer and Ossuary.

You collected 790 gold pieces.

Inventory:

Hand Weapons
 Z - a +4 scimitar of flaming (weapon)
Armour
 c - a +0 shield (worn)
 t - a +1 pair of boots (worn)
 D - a scarf of resistance (worn)
 M - a +5 chain mail of magic resistance (worn)
 T - the +0 plate armour of Elodoribb {Str+4}
   (You found it on level 8 of the Dungeon)

   It affects your strength (+4).
 U - a +0 pair of gloves (worn)
Jewellery
 e - an uncursed ring of flight {O! Piece of Candy!}
 j - an uncursed ring of positive energy
 F - an uncursed ring of fire
 I - a +5 ring of protection
 N - an amulet of rage (around neck)
 P - an uncursed ring of see invisible
 Q - a ring of protection from magic (left hand)
 X - a cursed -3 ring of strength (right hand)
Wands
 d - a wand of flame (13)
 q - a wand of acid (4)
 u - a wand of polymorph (48)
 H - a wand of random effects (34)
 J - a wand of digging (8)
Scrolls
 b - 6 scrolls of identify
 k - 11 scrolls of teleportation
 m - 4 scrolls of enchant weapon
 o - 5 scrolls of amnesia
 p - 4 scrolls of magic mapping
 r - 2 scrolls of immolation {unknown}
 v - 2 scrolls of blinking {unknown}
 y - a scroll of enchant armour
 C - 2 scrolls of fear
 V - a scroll of silence {unknown}
Potions
 a - a potion of berserk rage
 g - 4 potions of might
 h - a potion of ambrosia {unknown}
 i - 5 potions of magic
 l - a potion of flight {unknown}
 n - 7 potions of curing
 s - 3 potions of mutation {unknown}
 z - 3 potions of lignification
 B - 2 potions of invisibility {unknown}
 G - 2 potions of haste {unknown}
 K - 4 potions of brilliance
 L - a potion of cancellation {unknown}
 O - 2 potions of heal wounds {unknown}
 S - 2 potions of agility
Comestibles
 f - 18 rations


   Skills:
 + Level 11.5 Fighting
 + Level 15.2 Long Blades
 + Level 12.7 Armour
 + Level 4.9 Dodging
 + Level 15.2 Shields
 + Level 2.6 Invocations


You had 12 spell levels left.
You didn't know any spells.
Your spell library was empty.

Dungeon Overview and Level Annotations

Branches:
Dungeon (12/15)            Temple (0/1) D:5            Lair (5/6) D:10
  Swamp (0/4) Lair:3       Spider (0/4) Lair:3
  Slime: Lair:5-6       Orc: D:9-12

Altars:
Kikubaaqudgha
Makhleb
Nemelex Xobeh
Okawaru
Qazlal
Ru
Sif Muna
Trog
Uskayaw
Wu Jian
Zin
The Shining One

Portals:
Trove: D:10 (give +6 demon whip)

Annotations:
D:10 trove +6 demon whip red dragon
Lair:5 3 runed translucent doors, mess's ghost, journeyman HOFi


Innate Abilities, Weirdness & Mutations

You reflexively headbutt those who attack you in melee.
You have a pair of horns on your head.


Message History

The alligator tail-slaps you but does no damage.
The alligator bites you but does no damage.
The alligator barely misses you.
Your unstable footing causes you to fumble your attack.
The alligator bites you.
* * * LOW HITPOINT WARNING * * *
You block the alligator's attack. The swamp dragon bites you!
* * * LOW HITPOINT WARNING * * *
The swamp dragon claws you.
* * * LOW HITPOINT WARNING * * *
The swamp dragon tramples you but does no damage.
The alligator bites you.
* * * LOW HITPOINT WARNING * * *
You block the alligator's attack.
You feel better.
The blizzard demon waves its arms in wide circles.
The air twists around and strikes you!
* * * LOW HITPOINT WARNING * * *
The alligator bites you.
You die...

..#≈≈#≈≈≈≈≈≈≈≈.≈≈≈≈≈≈≈≈≈≈≈≈
...≈≈≈≈≈≈≈≈≈≈#≈≈≈.≈≈#≈≈#≈≈.
...≈≈#≈≈≈≈.≈≈≈≈≈P#≈.≈≈≈.≈.. #≈
..≈≈≈#≈≈≈≈...≈≈#≈≈≈..≈≈≈≈≈# #≈
####.≈ .≈≈.≈≈≈≈.≈.≈.≈.≈.≈ # #
≈≈≈P....≈..≈.≈≈≈# # ##
≈≈≈≈≈≈≈≈.≈P≈≈..≈≈ ≈# .#
≈≈≈#≈#≈t.2≈##.#.≈≈ ≈≈ P###
≈≈≈≈≈≈t@≈≈≈≈≈≈≈≈≈.≈≈≈≈≈# .#.#
≈≈≈≈#.D≈#≈##≈≈≈≈..≈≈≈≈ # #.##
##≈≈..≈≈≈≈≈≈##P≈≈.≈≈≈ ≈≈ ..##
≈≈!!≈≈#≈###≈≈≈.≈≈≈≈##≈≈# ...#
≈≈#!≈≈≈≈≈#≈##P≈.≈≈≈≈≈≈≈≈ ...#
≈≈≈#≈≈≈≈≈≈≈#≈#≈≈.≈#≈≈≈≈#
...################≈≈≈≈≈≈#≈≈≈≈#≈≈
............#....^........≈# .#≈
..÷.........#..P#.........P###..P


You could see 2 alligators, a swamp dragon and a blizzard demon.

Vanquished Creatures
  Kirke (Lair:5)
  Azrael (D:12)
  3 hydras
  A catoblepas (Lair:2)
  3 two-headed ogres
  Nergalle (D:10)
  A flayed ghost (D:10)
  A manticore (D:10)
  A wolf spider (D:10)
  2 ugly things
  A cyclops (D:11)
  3 elephants (Lair:4)
  Psyche (D:9)
  2 molten gargoyles (Lair:4)
  13 spiny frogs
  A rime drake (Lair:4)
  6 komodo dragons
  A troll (D:10)
  A queen bee (D:8)
  15 blink frogs
  7 hippogriffs
  A slime creature (D:10)
  Sigmund (D:2)
  12 yaks
  2 wraiths (D:11)
  2 fire elementals (D:12)
  3 basilisks
  4 hungry ghosts
  A vampire mosquito (Lair:5)
  An acid dragon (D:11)
  Edmund (D:6)
  4 swamp worms (Lair:5)
  7 water moccasins
  2 hell hounds (D:12)
  Duvessa (D:7)
  A swamp drake (Lair:3)
  8 porcupines
  A phantom (D:7)
  5 orc warriors
  4 ice beasts
  3 black bears
  A necrophage (D:8)
  10 ogres
  4 centaurs
  11 crocodiles
  Blork the orc (D:4)
  6 big kobolds
  15 bullfrogs
  A water moccasin zombie (D:11)
  A wyvern skeleton (D:6)
  8 scorpions
  A water moccasin skeleton (D:9)
  Dowan (D:7)
  21 killer bees
  6 wights
  4 crimson imps
  5 lava snakes (Lair:4)
  2 bullfrog zombies
  6 centaur zombies
  A quasit (D:9)
  6 hounds
  7 jellies
  A bullfrog skeleton (D:6)
  Crazy Yiuf (D:4)
  A centaur skeleton (D:10)
  3 human zombies (Ossuary)
  6 iguanas
  5 orc priests
  17 orc wizards
  Ijyb (D:5)
  11 worker ants
  A killer bee zombie (D:6)
  A big kobold zombie (Ossuary)
  A hound skeleton (D:8)
  3 mummies (Ossuary)
  3 worker ant zombies
  Robin (D:3)
  4 gnolls (D:7)
  4 river rats (D:6)
  5 scorpion zombies (Ossuary)
  16 adders
  4 shadow imps
  2 oozes
  An adder zombie (D:3)
  3 dart slugs
  5 leopard geckos
  33 orcs
  3 giant cockroaches
  9 hobgoblins
  24 jackals
  5 quokkas
  9 ball pythons
  5 bats
  14 frilled lizards
  2 gnoll zombies (Ossuary)
  22 goblins
  A goblin zombie (Ossuary)
  A hobgoblin zombie (Ossuary)
  A jackal skeleton (D:7)
  32 kobolds
  A leopard gecko skeleton (D:6)
  A leopard gecko zombie (D:7)
  2 orc zombies (Ossuary)
  2 quokka skeletons
  10 rats
  5 plants
530 creatures vanquished.

Vanquished Creatures (collateral kills)
  Sonja (D:11)
  A blink frog (Lair:4)
  4 dream sheep (Lair:4)
  An ogre (D:11)
  A wight (D:5)
8 creatures vanquished.

Vanquished Creatures (others)
  A deep elf mage (D:12)
  3 fungi (Lair:5)
  3 plants
7 creatures vanquished.

Grand Total: 545 creatures vanquished

Notes
Turn   | Place    | Note
-------+----------+-------------------------------------------
     0 | D:1      | HuneSparrow the Minotaur Fighter began the quest for the
                  | Orb.
     0 | D:1      | Reached XP level 1. HP: 19/19 MP: 0/0
     8 | D:1      | Noticed a hound
     8 | D:1      | Noticed a crocodile
     8 | D:1      | Noticed a six-headed hydra
     8 | D:1      | Noticed a salamander
    87 | D:1      | Reached XP level 2. HP: 22/27 MP: 1/1
   417 | D:2      | Reached XP level 3. HP: 33/33 MP: 2/2
   439 | D:2      | Noticed Sigmund
   456 | D:2      | Killed Sigmund
   456 | D:2      | Reached skill level 1 in Dodging
   456 | D:2      | Reached skill level 5 in Shields
   456 | D:2      | Reached XP level 4. HP: 3/41 MP: 3/3
   456 | D:2      | Reached XP level 5. HP: 4/47 MP: 4/4
   919 | D:2      | Found a burning altar of Makhleb.
   937 | D:2      | Became a worshipper of Makhleb the Destroyer
  1354 | D:3      | Noticed Robin
  1392 | D:3      | Reached * piety under Makhleb
  1398 | D:3      | Killed Robin
  1412 | D:3      | Reached skill level 5 in Armour
  1412 | D:3      | Reached XP level 6. HP: 40/53 MP: 5/5
  1704 | D:3      | Found a sacrificial altar of Ru.
  1777 | D:3      | Reached ** piety under Makhleb
  2117 | D:4      | Noticed an ice beast
  2148 | D:3      | Killed an ice beast
  2148 | D:3      | Reached skill level 5 in Fighting
  2331 | D:4      | Reached skill level 5 in Long Blades
  2454 | D:4      | Noticed Blork the orc
  2733 | D:4      | Killed Blork the orc
  2733 | D:4      | Reached XP level 7. HP: 35/61 MP: 6/6
  3128 | D:4      | Found a runed translucent door.
  3129 | D:4      | Noticed Crazy Yiuf
  3137 | D:4      | Killed Crazy Yiuf
  3819 | D:5      | Entered Level 5 of the Dungeon
  3827 | D:5      | Found a glowing silver altar of Zin.
  3886 | D:5      | Found a sparkling altar of Nemelex Xobeh.
  3892 | D:5      | Found a sand-covered staircase.
  3905 | Ossuary  | Entered an ossuary
  3974 | Ossuary  | Reached XP level 8. HP: 70/70 MP: 7/7
  4131 | Ossuary  | Reached *** piety under Makhleb
  4439 | D:5      | Found a staircase to the Ecumenical Temple.
  4460 | D:5      | Noticed Ijyb
  4474 | D:5      | Killed Ijyb
  4533 | D:5      | Noticed a two-headed ogre
  4648 | D:5      | Found a deep blue altar of Sif Muna.
  4725 | D:5      | Found an ancient bone altar of Kikubaaqudgha.
  5114 | D:5      | Killed a two-headed ogre
  5114 | D:5      | Reached XP level 9. HP: 48/78 MP: 8/8
  5877 | D:6      | Reached skill level 1 in Invocations
  5911 | D:6      | Found a glowing drain.
  5927 | D:6      | Reached **** piety under Makhleb
  5940 | Sewer    | Entered a sewer
  6810 | D:6      | Noticed Edmund
  6833 | D:6      | Killed Edmund
  6978 | D:6      | Found a hide-covered altar of Uskayaw.
  6986 | D:6      | Noticed a +0 dagger
  6987 | D:6      | Noticed a +0 dagger
  7371 | D:7      | Reached skill level 10 in Long Blades
  7417 | D:7      | Reached ***** piety under Makhleb
  7516 | D:7      | Reached skill level 10 in Shields
  7551 | D:7      | Reached XP level 10. HP: 86/86 MP: 9/9
  7921 | D:7      | Noticed Dowan
  7937 | D:7      | Killed Dowan
  7941 | D:7      | Noticed Duvessa
  7949 | D:7      | Killed Duvessa
  7993 | D:7      | Found a stormy altar of Qazlal.
  8923 | D:8      | Got a slimy plate armour
  8934 | D:8      | Identified the cursed +0 plate armour of Elodoribb {Str+4}
                  | (You found it on level 8 of the Dungeon)
  8978 | D:8      | Found a glowing golden altar of the Shining One.
  9392 | D:9      | Found an ornate altar of the Wu Jian Council.
  9471 | D:9      | Noticed Psyche
  9481 | D:9      | Killed Psyche
  9547 | D:9      | Noticed a two-headed ogre
  9568 | D:9      | Killed a two-headed ogre
  9568 | D:9      | Reached XP level 11. HP: 85/95 MP: 10/10
  9756 | D:9      | Found an iron altar of Okawaru.
  9757 | D:9      | Found a bloodstained altar of Trog.
  9993 | D:10     | Entered Level 10 of the Dungeon
  9993 | D:10     | Found a portal to a secret trove of treasure.
 10228 | D:10     | Noticed Nergalle
 10253 | D:10     | Killed Nergalle
 10293 | D:10     | Found a staircase to the Lair.
 10439 | D:10     | Noticed a two-headed ogre
 10449 | D:10     | Killed a two-headed ogre
 10620 | D:10     | Noticed a wolf spider
 10633 | D:10     | Killed a wolf spider
 10931 | D:10     | Noticed a cyan ugly thing
 10940 | D:10     | Killed a cyan ugly thing
 10943 | D:10     | Noticed a flayed ghost
 10952 | D:10     | Reached skill level 10 in Armour
 10956 | D:10     | Noticed a fire dragon
 10996 | D:10     | Killed a flayed ghost
 11143 | D:11     | Found a gate leading to a gauntlet.
 11705 | D:11     | Reached ****** piety under Makhleb
 11709 | D:11     | Noticed Sonja
 11773 | D:11     | Killed Sonja
 11785 | D:11     | Noticed a green ugly thing
 11802 | D:11     | Killed a green ugly thing
 11818 | D:11     | Reached XP level 12. HP: 77/105 MP: 11/11
 11952 | D:12     | Noticed Azrael
 11983 | D:12     | Killed Azrael
 12125 | Lair:1   | Entered Level 1 of the Lair of Beasts
 12427 | Lair:1   | Noticed a six-headed hydra
 12435 | Lair:1   | Killed a two-headed hydra
 12435 | Lair:1   | Reached skill level 10 in Fighting
 13198 | Lair:2   | Noticed a catoblepas
 13208 | Lair:2   | Killed a catoblepas
 14090 | Lair:3   | Noticed a seven-headed hydra
 14105 | Lair:3   | Killed a three-headed hydra
 14196 | Lair:3   | Found a staircase to the Swamp.
 14230 | Lair:3   | Found a hole to the Spider Nest.
 14366 | Lair:3   | Reached XP level 13. HP: 115/115 MP: 12/12
 15873 | Lair:4   | You fall through a shaft!
 15912 | Lair:5   | Reached skill level 15 in Long Blades
 15948 | Lair:5   | Reached skill level 15 in Shields
 16499 | Lair:5   | Noticed Kirke
 16526 | Lair:5   | Killed Kirke
 16709 | Lair:5   | Found a runed translucent gate.
 16710 | Lair:5   | Found a runed translucent gate.
 16711 | Lair:5   | Found a runed translucent gate.
 16713 | Lair:5   | Noticed mess's ghost (journeyman HOFi)
 16856 | Lair:5   | Noticed a blizzard demon
 16857 | Lair:5   | HP: 4/116 [alligator (3)]
 16858 | Lair:5   | HP: 1/116 [blizzard demon/the air[the player character]
                  | (9)]
 16858 | Lair:5   | Slain by an alligator

Skill      XL: |  1  2  3  4  5  6  7  8  9 10 11 12 13 |
---------------+----------------------------------------+-----
Armour         | 4 5 6 7 8 9 10 11 12 | 12.7
Shields        | 4 5 6 8 10 11 13 14 15 | 15.2
Fighting       | 4 5 6 7 8 9 10 11 | 11.5
Long Blades    | 3 4 5 6 8 10 11 13 14 15 | 15.2
Dodging        | 1 2 3 4 |  4.9
Invocations    | 1 2 |  2.6

Action                   |  1- 3 |  4- 6 |  7- 9 | 10-12 | 13-15 || total
-------------------------+-------+-------+-------+-------+-------++-------
Melee: Long sword        |   100 |   159 |   542 |   770 |       ||  1571
       Headbutt          |     6 |    31 |   121 |   194 |    41 ||   393
       Falchion          |       |       |       |     6 |       ||     6
       Scimitar          |       |       |       |   173 |   241 ||   414
Invok: Minor Destruction |       |       |     1 |       |       ||     1
       Lesser Servant of |       |       |     1 |     1 |     1 ||     3
       Greater Servant o |       |       |       |       |     2 ||     2
 Abil: Evoke Flight      |       |       |     5 |       |       ||     5
       Stop Flying       |       |       |     2 |       |       ||     2
       Evoke Berserk Rag |       |       |       |     6 |     1 ||     7
Evoke: Wand              |       |     7 |     3 |     4 |       ||    14
  Use: Scroll            |       |       |     5 |     8 |     8 ||    21
       Potion            |       |       |       |     1 |     1 ||     2
 Stab: Confused          |       |       |       |     1 |       ||     1
  Eat: Chunk             |       |     6 |    11 |    23 |     5 ||    45
       Ration            |       |       |     2 |     4 |     1 ||     7
Armor: Scale mail        |    24 |       |       |       |       ||    24
       Plate armour      |    36 |   121 |   220 |   320 |       ||   697
       Chain mail        |       |       |       |   175 |    98 ||   273
Dodge: Dodged            |    22 |    42 |   103 |   270 |    83 ||   520
Block: Shield            |    60 |    94 |   270 |   624 |   140 ||  1188
       Rpst.: Long sword |     6 |    12 |    24 |    65 |       ||   107
       Scimitar          |       |       |       |     9 |    18 ||    27
